 Dungeon Crawl Stone Soup version 0.30-a0-799-g109b55a442 (webtiles) character file.

Game seed: 7281046409914327572

223878 arthad the Spry (level 18, -2/85 HPs)
             Began as a Felid Summoner on Feb 19, 2023.
             Was an Initiate of Gozag.
             Shot with a bolt by a yaktaur (24 damage)
             ... on level 2 of the Vaults on Feb 20, 2023.
             The game lasted 06:41:34 (61007 turns).

arthad the Spry (Felid Summoner)                   Turns: 61007, Time: 06:41:35

Health: -2/85      AC: 17    Str:  4    XL:     18   Next: 14%
Magic:  38/47      EV: 42    Int: 29    God:    Gozag
Gold:   3360       SH:  0    Dex: 18    Spells: 5/48 levels left
                                        Lives:  0   Deaths: 3

rFire   + . .      SeeInvis +      - Unarmed
rCold   . . .      Faith    .    (shield unavailable)
rNeg    . . .      Spirit   .    (body armour unavailable)
rPois   ∞          Reflect  .    (helmet unavailable)
rElec   +          Harm     .    (cloak unavailable)
rCorr   .          Rampage  .    (gloves unavailable)
Will    +++..                    (boots unavailable)
Stlth   +++                      w - amulet of the Castellan {RegenMP Drain +Inv MP+9 Slay+4}
HPRegen 0.34/turn                t - +6 ring of intelligence
MPRegen 0.70/turn                d - ring of Caucsiss {+Blink rF+ Will+ EV+5 Stlth+}

@: storm-form, frozen, forested, gold aura, flying, very slow
A: cleaving, insubstantial, flying, very small, (claws 1), (fangs 3), see
invisible, (speed 1), (shaggy fur 3), (stealthy paws), no weapons or thrown
items, no armour, multi-lived
}: 2/15 runes: decaying, gossamer
a: Blinkbolt, End Transformation, Renounce Religion, Evoke Blink, Evoke
Invisibility, Potion Petition, Call Merchant, Bribe Branch


You were on level 2 of the Vaults.
You worshipped Gozag.
Gozag was most pleased with you.
You were a lightning-filled tempest!
You visited 8 branches of the dungeon, and saw 36 of its levels.
You also visited: Sewer, Bailey and Gauntlet.

You collected 18205 gold pieces.
You spent 4522 gold pieces at shops.
You paid 10323 gold pieces to Gozag.

Inventory:

Jewellery
 d - the ring of Caucsiss (right paw) {+Blink rF+ Will+ EV+5 Stlth+}
   (You acquired it on level 3 of the Dungeon)

   [ring of evasion]

   EV:        It affects your evasion (+5).
   rF:        It protects you from fire.
   +Blink:    It lets you blink.
   Will:      It increases your willpower.
   Stlth:     It makes you more stealthy.
 g - the ring of Xom's Recklessness {Str+7 Dex+6}
   (You took it off a deep elf zephyrmancer on level 3 of the Elven Halls)

   [ring of dexterity]

   Str:       It affects your strength (+7).
   Dex:       It affects your dexterity (+6).
 t - a +6 ring of intelligence (left paw)
 w - the amulet of the Castellan (around neck) {RegenMP Drain +Inv MP+9 Slay+4}
   (You bought it in a shop on level 2 of the Spider Nest)

   [amulet of magic regeneration]

   It increases your rate of magic regeneration.
   Slay:      It affects your accuracy & damage with ranged weapons and melee
   (+4).
   MP:        It affects your magic capacity (+9).
   +Inv:      It lets you turn invisible.
   Drain:     It drains your maximum health when unequipped.
 x - the ring "Witup" {+Blink rC+ rCorr}
   (You found it in a bailey)

   [ring of protection from cold]

   rC:        It protects you from cold.
   +Blink:    It lets you blink.
   rCorr:     It protects you from acid and corrosion.
 G - a ring of wizardry
 H - the ring "Cechiass" {+Blink rElec rN+}
   (You found it on level 5 of the Lair of Beasts)

   [ring of positive energy]

   rElec:     It insulates you from electricity.
   rN:        It protects you from negative energy.
   +Blink:    It lets you blink.
 O - a +6 ring of intelligence
 Q - the ring of Lesiecoth {rPois Dex+3}
   (You found it in a Gauntlet)

   [ring of poison resistance]

   Dex:       It affects your dexterity (+3).
   rPois:     It protects you from poison.
 T - a ring of protection from cold
Wands
 v - a wand of paralysis (33)
 y - a wand of polymorph (5)
 z - a wand of mindburst (12)
 D - a wand of acid (10)
 K - a wand of flame (16)
 M - a wand of digging (1)
 S - a wand of iceblast (3)
Scrolls
 c - a scroll of amnesia
 s - 2 scrolls of silence
 u - 3 scrolls of torment
 A - 4 scrolls of poison
 B - 26 scrolls of identify
 C - 7 scrolls of fear
 P - 5 scrolls of fog
 R - a scroll of immolation
 V - 7 scrolls of magic mapping
 W - a scroll of blinking
 Y - 6 scrolls of vulnerability
Potions
 a - 5 potions of magic
 b - 9 potions of attraction
 e - a potion of heal wounds
 f - 14 potions of curing
 h - 6 potions of haste
 i - 5 potions of lignification
 j - 9 potions of brilliance
 k - 4 potions of mutation
 l - 3 potions of resistance
 n - 8 potions of cancellation
 r - 6 potions of might
 E - 2 potions of invisibility
 F - 4 potions of ambrosia
 I - 3 potions of flight
 Z - 6 potions of berserk rage
Miscellaneous
 o - a phial of floods
 p - a tin of tremorstones (2/2)
 N - a lightning rod (4/4)
 X - a condenser vane (inert)


   Skills:
 + Level 12.9 Fighting
 + Level 16.6 Dodging
 - Level 2.6 Stealth
 + Level 12.8 Unarmed Combat
 * Level 15.8 Spellcasting
 - Level 10.0 Hexes
 * Level 16.6 Summonings
 + Level 15.2 Translocations
 * Level 13.0 Transmutations
 * Level 13.3 Air Magic
 - Level 6.0 Evocations


You had 5 spell levels left.
You knew the following spells:

 Your Spells              Type           Power      Damage    Failure   Level
a - Summon Forest         Summ/Tloc      43%        N/A       1%          5
b - Storm Form            Tmut/Air       39%        N/A       8%          7
c - Manifold Assault      Tloc           84%        N/A       1%          4
e - Summon Lightning Spi  Summ/Air       83%        N/A       1%          4
f - Summon Mana Viper     Hex/Summ       79%        N/A       1%          5
g - Summon Cactus Giant   Summ           44%        N/A       1%          6
h - Vhi's Electric Charg  Tloc/Air       100%       N/A       1%          3
i - Blink                 Tloc           100%       N/A       0%          2
j - Monstrous Menagerie   Summ           44%        N/A       1%          7

Your spell library contained the following spells:

 Spells                   Type           Power      Damage    Failure   Level
 Summon Small Mammal      Summ           100%       N/A       0%          1
 Call Imp                 Summ           88%        N/A       0%          2
 Lesser Beckoning         Tloc           100%       N/A       0%          2
 Wereblood                Tmut           78%        N/A       0%          2
 Call Canine Familiar     Summ           88%        N/A       0%          3
 Gell's Gravitas          Tloc           84%        N/A       0%          3
 Teleport Other           Tloc           84%        N/A       0%          3
 Necrotise                Necr           88%        1d8       1%          1
 Sandblast                Erth           44%        2d11      1%          1
 Cigotuvi's Dreadful Rot  Necr/Pois/Air  96%        N/A       1%          2
 Ensorcelled Hibernation  Hex/Ice        100%       N/A       1%          2
 Momentum Strike          Conj/Tloc      100%       3d10      1%          2
 Passwall                 Tmut/Erth      47%        N/A       1%          2
 Poisonous Vapours        Pois/Air       100%       N/A       1%          2
 Static Discharge         Conj/Air       100%       2-7/arc   1%          2
 Dazzling Flash           Conj/Hex       100%       N/A       1%          3
 Inner Flame              Hex/Fire       51%        N/A       1%          3
 Kindle Blastsparks       Fire/Tloc/Air  100%       2d18      1%          3
 Mephitic Cloud           Conj/Pois/Air  48%        N/A       1%          3
 Spider Form              Tmut/Pois      57%        N/A       1%          3
 Summon Guardian Golem    Hex/Summ       79%        N/A       1%          3
 Swiftness                Air            79%        N/A       1%          3
 Tukima's Dance           Hex            69%        N/A       1%          3
 Cause Fear               Hex            34%        N/A       1%          4
 Iskenderun's Mystic Bla  Conj/Tloc      61%        2d13      1%          4
 Passage of Golubria      Tloc           84%        N/A       1%          4
 Summon Ice Beast         Ice/Summ       63%        N/A       1%          4
 Blade Hands              Tmut           39%        N/A       1%          5
 Silence                  Hex/Air        37%        N/A       1%          5
 Yara's Violent Unravell  Hex/Tmut       37%        3d15      1%          5
 Anguish                  Hex/Necr       25%        N/A       2%          4
 Fulminant Prism          Conj/Hex       25%        3d14      2%          4
 Leda's Liquefaction      Hex/Erth       25%        N/A       2%          4
 Sublimation of Blood     Necr           22%        N/A       3%          2
 Arcjolt                  Conj/Air       28%        1d38      3%          5
 Lightning Bolt           Conj/Air       28%        1d45      3%          5
 Stone Arrow              Conj/Erth      44%        3d9       6%          3
 Vampiric Draining        Necr           22%        2d7       6%          3
 Olgreb's Toxic Radiance  Pois           22%        N/A       21%         4
 Sticky Flame             Conj/Fire      22%        2d4       21%         4
 Agony                    Necr           22%        N/A       50%         5
 Borgnjor's Vile Clutch   Necr/Erth      11%        N/A       50%         5
 Fireball                 Conj/Fire      11%        3d7       50%         5
 Iskenderun's Battlesphe  Conj           22%        2d8       50%         5
 Lee's Rapid Deconstruct  Erth           11%        3d8*      50%         5
 Dispersal                Tloc           42%        N/A       1%          6
 Summon Hydra             Summ           44%        N/A       1%          7
 Summon Horrible Things   Summ           44%        N/A       14%         8
 Conjure Ball Lightning   Conj/Air       28%        3x3d8     21%         6
 Eringya's Noxious Bog    Tmut/Pois      28%        N/A       22%         6
 Statue Form              Tmut/Erth      38%        N/A       22%         6
 Enfeeble                 Hex            34%        N/A       28%         7
 Haunt                    Necr/Summ      31%        N/A       50%         7
 Spellforged Servitor     Conj/Summ      31%        N/A       50%         7
 Discord                  Hex            34%        N/A       92%         8
 Death Channel            Necr           11%        N/A       97%         6
 Orb of Destruction       Conj           11%        9d6       100%        7
 Ozocubu's Refrigeration  Ice            11%        4d9       100%        7
 Ignition                 Fire           11%        3d5       100%        8
 Infestation              Necr           11%        N/A       100%        8
 Lehudib's Crystal Spear  Conj/Erth      11%        10d4      100%        8
 Portal Projectile        Hex/Tloc       Unusable   N/A       N/A         3
 Animate Armour           Summ/Erth      Unusable   N/A       N/A         4
 Animate Dead             Necr           Unusable   N/A       N/A         4

Dungeon Overview and Level Annotations

Branches:
Dungeon (15/15)            Temple (1/1) D:4            Lair (5/5) D:8
  Swamp (4/4) Lair:3       Spider (4/4) Lair:2        Slime (0/5) Lair:5
    Orc (2/2) D:9             Elf (3/3) Orc:2        Vaults (2/5) D:14
 Depths (0/4) D:15          Sewer (visited)          Bailey (visited)
Gauntlet (visited)
  Crypt: Vaults:2-3

Altars:
Ashenzari
Cheibriados
Dithmenos
Elyvilon
Fedhas
Gozag
Hepliaklqana
Kikubaaqudgha
Makhleb
Nemelex Xobeh
Okawaru
Qazlal
Ru
Sif Muna
Trog
Uskayaw
Vehumet
Wu Jian
Xom
Yredelemnul
Zin
The Shining One
Jiyva

Shops:
D:6 [=   D:14 !   Orc:2 (:[*   Elf:1 :   Elf:2 [   Elf:3 ?   Lair:1 ::
Lair:3 =   Lair:4 !   Spider:2 =?   Spider:4 =   Vaults:1 *[

Annotations:
Swamp:1 2 transporters, LennaLeFay's ghost, adept MiBe
Vaults:2 1 runed translucent door, Jory; Mara; Sojobo; tkbsonic5's ghost, adept DjSu


Innate Abilities, Weirdness & Mutations

You are a lightning-filled tempest!
Your electrical attacks strike out in all directions at once.
You are incredibly evasive.
Your insubstantial body is immune to petrification, constriction, and being set on fire You are flying.
You are immune to poison.
((You have sharp claws.))
((You have razor-sharp teeth.))
You have supernaturally acute eyesight. (SInv)
((You cover ground quickly. (Speed+)))
((Your thick and shaggy fur keeps you warm. (AC +3, rC+)))
((Your paws help you pounce on unaware monsters.))
You are incapable of wielding weapons or throwing items.
You cannot wear armour.
You gain extra lives every three experience levels.


Message History

A tree reaches out but misses the mana viper.
A root smacks Jory from below!
A root smacks the yaktaur from below!
The attack snaps the yaktaur out of its fear.
The yaktaur shouts!
A tree reaches out and hits the yaktaur!
The mana viper closely misses your dryad.
Your dryad hits Jory but does no damage.
A tree reaches out and hits the mana viper!
Jory is hit by a branch!
The attack snaps the ironbound frostheart out of its fear.
A root smacks the ironbound frostheart from below!
A tree reaches out and hits the yaktaur!
The yaktaur is hit by a branch!!
The yaktaur dies!
The mana viper bites your dryad!
Your dryad's magic leaks into the air.
Jory casts a spell at you. The crystal spear hits your dryad!!
The ironbound frostheart calls freezing cold from the walls.
The frost grips you!!
* * * LOW HITPOINT WARNING * * *
You are encased in ice.
The frost grips your dryad!!!
Your dryad dies!
Your dryad's corpse disappears in a puff of smoke!
The forest abruptly stops moving.
Unknown command.
Casting: Summon Forest (safe; 1% risk of failure)
Confirm with . or Enter, or press ? or * to list all spells.
Okay, then.
Okay, then.
Blink to where?
Press: ? - help, Dir - move target, p - ironbound frostheart
Found a scale mail.
Found a stone staircase leading down.
As you read the scroll of blinking, it crumbles to dust.
Arthad's illusion mumbles some strange words.
Arthad's illusion blinks!
Jory is distracted by your dazzling golden aura.
The yaktaur shoots a bolt.
The bolt hits you!!
You die...
Your body crumbles into a pile of gold.

#....$<.@S#
#[.>p..#♣.[.♣§$$..♣
#...##p.[..§♣..♣♣
♣♣♣♣♣##♣#♣♣#


You could see Jory (unaware), a mana viper (summoned), a yaktaur and arthad's
illusion (fleeing).

Vanquished Creatures
  Arachne (Spider:3)
  A deep elf master archer (Elf:3)
  2 ghost moths
  A vault warden (Vaults:1)
  2 ironbound preservers (Vaults:1)
  A broodmother (Spider:3)
  A very ugly thing (Vaults:2)
  3 deep elf demonologists (Elf:3)
  A deep elf annihilator (Elf:3)
  A bunyip (Swamp:2)
  An eleionoma (Swamp:2)
  A deep elf death mage (Elf:3)
  A deep elf high priest (Elf:3)
  A yaktaur captain (Vaults:1)
  An ettin (D:15)
  An entropy weaver (Vaults:1)
  2 great orbs of eyes
  3 jorogumos
  4 vault guards (Vaults:1)
  A centaur warrior (Vaults:1)
  An ironbound frostheart (Vaults:1)
  4 dancing weapons (Elf:2)
  5 deep elf knights
  A hell knight (Vaults:2)
  2 skeletal warriors (D:11)
  A fire crab (shapeshifter) (Elf:2)
  3 swamp dragons (Swamp:4)
  An orb spider (Spider:3)
  2 skysharks
  A steelbarb worm (Spider:1)
  An obsidian statue (Lair:5)
  7 deep trolls
  4 wizards
  An orc knight (Orc:1)
  2 deep elf pyromancers
  2 harpies (Vaults:1)
  4 deep elf zephyrmancers
  An ugly thing (Vaults:2)
  A moth of wrath (Spider:2)
  2 vault sentinels (Vaults:1)
  A demonic crawler (Spider:4)
  A cane toad (Lair:3)
  4 nameless horrors
  5 yaktaurs
  A komodo dragon (Lair:4)
  A tyrant leech (Swamp:1)
  3 tarantellas
  A blink frog (Lair:5)
  4 jumping spiders
  4 slime creatures
  A spriggan (Swamp:4)
  A vampire mosquito (Swamp:1)
  3 redbacks
  An orc warrior (Orc:1)
  A boggart (Vaults:1)
  2 bullfrogs
  2 electric eels
  An orc priest (Orc:1)
  3 orc wizards
  A gnoll (D:7)
  An adder (Sewer)
  A river rat (Sewer)
  A shadow imp (Gauntlet)
  2 white imps (Gauntlet)
  2 orcs
  4 ball pythons (Sewer)
  A bat (D:1)
  An endoplasm (D:4)
  2 goblins
  5 hobgoblins
  3 quokkas
  4 rats
144 creatures vanquished.

Vanquished Creatures (collateral kills)
  Margery (Vaults:2)
  Rupert (Lair:3)
  A deep elf blademaster (Elf:3)
  Asterion (Elf:3)
  A deep elf master archer (Elf:3)
  Gastronok (D:9)
  Roxanne (Elf:2)
  4 deep elf sorcerers (Elf:3)
  3 vault wardens (Vaults:1)
  5 emperor scorpions
  2 ghost moths (Spider:4)
  6 ghouls
  5 deep elf elementalists (Elf:3)
  7 ironbound preservers
  2 broodmothers (Spider:3)
  6 very ugly things
  A stone giant (Orc:1)
  2 ironbound thunderhulks (Vaults:1)
  8 deep elf demonologists (Elf:3)
  5 eleionomae
  5 dire elephants (Lair:5)
  The ghost of Smoke131 the Grappler, a journeyman TrGl of Okawaru (Lair:1)
  8 deep elf annihilators
  5 bunyips
  An ettin (Vaults:1)
  The ghost of snackwell the Geomancer, a journeyman MeEE of Vehumet (Orc:2)
  5 deep elf death magi
  Josephine (D:15)
  2 deep elf high priests (Elf:3)
  2 shambling mangroves
  A vault guard (Vaults:1)
  4 yaktaur captains
  A great orb of eyes (Vaults:1)
  6 entropy weavers
  Erolcha (D:12)
  Fannar (D:12)
  14 hydras
  6 radroaches
  4 centaur warriors
  3 ironbound frosthearts (Vaults:1)
  A jorogumo (shapeshifter) (Elf:1)
  4 jorogumos
  4 boulder beetles
  13 alligators
  3 two-headed ogres
  26 dancing weapons
  7 death scarabs (Spider:4)
  8 orc high priests
  2 death yaks (Lair:5)
  17 spriggans
  Sonja (Orc:1)
  10 deep elf knights
  3 hell knights
  A spectral death yak (Lair:5)
  4 sun moths
  3 goliath frogs
  A skeletal warrior (D:11)
  11 pharaoh ants
  8 spriggan druids
  3 skysharks
  12 deep trolls
  5 bog bodies
  5 orb spiders
  A spectral jorogumo (Spider:4)
  2 spectral wolf spiders (Spider:4)
  19 deep elf archers
  4 ironbound convokers (Vaults:1)
  A lindwurm (Lair:4)
  7 swamp dragons
  2 steelbarb worms
  4 orc knights
  4 necromancers
  A wizard (Gauntlet)
  8 harpies (Vaults:1)
  A steelbarb worm (shapeshifter) (Elf:3)
  29 deep elf zephyrmancers
  22 wolf spiders
  5 orc sorcerers
  A broodmother zombie (Spider:4)
  3 manticores
  29 deep elf pyromancers
  6 cyclopes
  17 ugly things
  3 will-o-the-wisps
  4 moths of wrath
  An oklob plant (Lair:1)
  8 elephants (Lair:5)
  5 black mambas
  5 demonic crawlers
  A vault sentinel (Vaults:1)
  2 torpor snails
  A kobold demonologist (D:12)
  A dire elephant skeleton (Lair:5)
  An unseen horror (D:9)
  Psyche (D:12)
  10 cane toads
  4 spectral redbacks (Spider:4)
  7 yaktaurs
  11 komodo dragons
  A tengu conjurer (D:15)
  6 trolls
  A bloated husk (Swamp:4)
  25 tarantellas
  8 tyrant leeches
  3 spectral culicivoras (Spider:4)
  A polar bear (Lair:3)
  A spectral jumping spider (Spider:4)
  14 hornets
  Prince Ribbit (D:5)
  2 raiju (Swamp:1)
  5 dream sheep (Lair:2)
  Grinder (D:6)
  11 blink frogs
  3 tarantella zombies (Spider:4)
  2 spectral tarantellas (Spider:4)
  3 large abominations (Gauntlet)
  4 air elementals
  Sigmund (D:6)
  2 vampires
  25 jumping spiders
  3 wyverns
  3 shadows
  21 culicivoras
  16 slime creatures
  A slime creature (shapeshifter) (Elf:2)
  60 yaks
  2 water elementals (Elf:1)
  4 wraiths
  14 vampire mosquitoes
  6 basilisks
  4 fire elementals
  A death yak simulacrum (Lair:5)
  52 redbacks
  2 steam dragons
  28 swamp worms
  A spectral cane toad (Lair:5)
  Edmund (D:6)
  8 wargs
  8 water moccasins
  A floating eye (Lair:5)
  14 swamp drakes
  2 sky beasts
  An elephant zombie (Lair:5)
  37 orc warriors
  2 black bears
  9 ogres
  3 boggarts (D:15)
  8 wolves
  A phantom (D:7)
  4 centaurs
  6 small abominations (Gauntlet)
  6 kobold brigands
  7 nameless horrors
  4 elephant skeletons (Lair:5)
  Blork the orc (D:5)
  17 bullfrogs
  3 two-headed ogre simulacra (Orc:2)
  5 necrophages
  A cane toad simulacrum (Lair:5)
  An earth elemental (Elf:2)
  3 scorpions
  3 wights (D:8)
  2 elephant simulacra
  2 electric eels
  3 hounds
  2 gnoll boudas
  7 jellies
  12 orc priests
  3 iron imps (D:7)
  4 iguanas (D:5)
  24 orc wizards
  2 polar bear simulacra (Orc:2)
  A troll simulacrum (Orc:2)
  A wolf simulacrum (Orc:2)
  9 gnolls
  7 adders
  6 river rats (Sewer)
  2 shadow imps
  2 white imps
  An ufetubus (D:5)
  3 worms
  5 dart slugs
  72 orcs
  10 endoplasms
  7 giant cockroaches
  8 goblins
  5 hobgoblins
  7 jackals
  4 quokkas
  14 ball pythons
  3 bats
  4 frilled lizards
  18 kobolds
  24 rats
1286 creatures vanquished.

Vanquished Creatures (others)
  An orc warlord (Orc:2)
  A minotaur (Gauntlet)
  An ettin (Orc:2)
  A tengu warrior (D:15)
  An orc high priest (Orc:2)
  A spriggan (Swamp:1)
  2 deep elf knights
  2 skeletal warriors (D:11)
  A spectral anaconda (Lair:5)
  A swamp dragon (Swamp:4)
  A harpy (shapeshifter) (D:14)
  A deep elf pyromancer (Elf:1)
  3 ugly things
  2 cyclopes (D:14)
  An elephant (Lair:5)
  A dire elephant zombie (Lair:5)
  An eye of devastation (Lair:5)
  A komodo dragon (Lair:1)
  2 hornets (Swamp:1)
  2 slime creatures
  A wraith (D:15)
  6 yaks
  2 vampire mosquitoes (D:15)
  An acid dragon (D:11)
  A black bear (D:6)
  5 orc warriors
  An elephant skeleton (Lair:5)
  2 kobold brigands (Bailey)
  A wight (D:8)
  2 orc priests (D:8)
  A jelly (D:6)
  2 orc wizards
  A worm (shapeshifter) (D:14)
  3 orcs
  A jackal (D:4)
  2 foxfires (Swamp:4)
  41 fungi
  33 plants
  16 snaplasher vines
  12 toadstools (D:6)
  25 withered plants (Lair:5)
186 creatures vanquished.

Grand Total: 1616 creatures vanquished

Notes
Turn   | Place    | Note
-------+----------+-------------------------------------------
     0 | D:1      | arthad the Felid Summoner began the quest for the Orb.
     0 | D:1      | Reached XP level 1. HP: 7/7 MP: 4/4
   149 | D:1      | Reached XP level 2. HP: 11/11 MP: 4/6
   280 | D:1      | Learned a level 2 spell: Call Imp
   766 | D:1      | Reached skill level 5 in Summonings
   769 | D:1      | Reached XP level 3. HP: 14/14 MP: 3/7
   773 | D:1      | Learned a level 3 spell: Call Canine Familiar
  1807 | D:3      | Identified a scroll of acquirement
  1807 | D:3      | Acquired the ring of Caucsiss {+Blink rF+ Will+ EV+5
                  | Stlth+}
  1857 | D:3      | Found a faded altar of an unknown god.
  1955 | D:3      | Reached skill level 1 in Hexes
  1962 | D:3      | Reached XP level 4. HP: 18/18 MP: 3/8
  2263 | D:3      | Found a glowing drain.
  2267 | Sewer    | Entered a sewer
  2296 | Sewer    | Reached XP level 5. HP: 21/21 MP: 2/9
  2362 | Sewer    | Reached skill level 1 in Fighting
  2582 | Sewer    | Learned a level 3 spell: Summon Guardian Golem
  2735 | Sewer    | Reached skill level 1 in Unarmed Combat
  3158 | Sewer    | Reached skill level 1 in Air Magic
  3158 | Sewer    | Gained mutation: You are covered in thick fur. (AC +2)
                  | [Felid growth]
  3158 | Sewer    | Reached XP level 6. HP: 24/25 MP: 1/11
  3792 | D:4      | Reached XP level 7. HP: 29/29 MP: 3/12
  3902 | D:4      | Acquired a book of the Wilderness
  4205 | D:4      | Found a staircase to the Ecumenical Temple.
  4504 | Temple   | Entered the Ecumenical Temple
  4605 | Temple   | Became a worshipper of Gozag Ym Sagoz the Greedy
  4839 | D:5      | Entered Level 5 of the Dungeon
  4882 | D:5      | Noticed Prince Ribbit
  4891 | D:5      | Learned a level 4 spell: Summon Lightning Spire
  4900 | D:5      | Killed Prince Ribbit
  5041 | D:5      | Noticed Blork the orc
  5049 | D:5      | Reached skill level 5 in Hexes
  5050 | D:5      | Killed Blork the orc
  5051 | D:5      | Reached XP level 8. HP: 34/34 MP: 4/15
  5540 | D:5      | Reached skill level 5 in Dodging
  6285 | D:6      | Noticed Grinder
  6318 | D:6      | Killed Grinder
  6319 | D:6      | Reached skill level 5 in Spellcasting
  6337 | D:6      | Reached XP level 9. HP: 38/38 MP: 4/17
  6443 | D:6      | Learned a level 5 spell: Summon Mana Viper
  6639 | D:6      | Found Pitalofa's Jewellery Boutique.
  6639 | D:6      | Noticed Edmund
  6648 | D:6      | Killed Edmund
  6744 | D:6      | Noticed Sigmund
  6751 | D:6      | Killed Sigmund
  7203 | D:6      | Found a shadowy altar of Dithmenos.
  7229 | D:6      | Found Tuiclu Ulori's Antique Armour Emporium.
  8035 | D:7      | Found a flagged portal.
  8045 | Bailey   | Entered a bailey
  8086 | Bailey   | Reached XP level 10. HP: 43/43 MP: 4/20
  8238 | Bailey   | Identified the +1 pair of gloves of Dadd {rElec rC+ Str+6}
  8243 | Bailey   | Identified the ring "Witup" {+Blink rC+ rCorr}
  8248 | Bailey   | Noticed an orc knight
  8268 | Bailey   | Killed an orc knight
  8444 | Bailey   | Found an iron altar of Okawaru.
  8460 | Bailey   | Identified the +0 crystal plate armour "Viblit" {Dex+4}
  8635 | D:7      | Found a burning altar of Makhleb.
  9080 | D:7      | Found a hide-covered altar of Uskayaw.
  9755 | D:8      | Reached skill level 5 in Fighting
  9850 | D:8      | Reached skill level 5 in Unarmed Combat
 10142 | D:8      | Found a staircase to the Lair.
 10494 | D:9      | Identified the +2 leather armour of Teifum {+Blink rPois
                  | Str+8 Stlth-}
 10616 | D:9      | Reached XP level 11. HP: 48/48 MP: 9/23
 10708 | D:9      | Identified the +5 scale mail of Yesterday {rC+}
 10793 | D:9      | Noticed Gastronok
 10824 | D:9      | Killed Gastronok
 10825 | D:9      | Reached skill level 5 in Air Magic
 10832 | D:9      | Learned a level 6 spell: Summon Cactus Giant
 11104 | D:9      | Found a staircase to the Orcish Mines.
 11814 | D:10     | Entered Level 10 of the Dungeon
 11857 | D:10     | Found the +5 scythe "Finisher" {speed, eviscerate}
 11983 | D:10     | Reached skill level 10 in Summonings
 12272 | D:10     | Noticed a two-headed ogre
 12284 | D:10     | Killed a two-headed ogre
 12355 | D:10     | Found a broken altar of Ashenzari.
 12355 | D:10     | Found a hazy altar of Hepliaklqana.
 12355 | D:10     | Found an iron altar of Okawaru.
 12790 | D:11     | Noticed a skeletal warrior
 12796 | D:11     | Noticed a skeletal warrior
 12796 | D:11     | Noticed a skeletal warrior
 12798 | D:11     | Killed a skeletal warrior
 12800 | D:11     | Noticed a skeletal warrior
 12802 | D:11     | Killed a skeletal warrior
 12803 | D:11     | Noticed a skeletal warrior
 12809 | D:11     | Killed a skeletal warrior
 12818 | D:11     | Killed a skeletal warrior
 12818 | D:11     | Killed a skeletal warrior
 12819 | D:11     | Gained mutation: Your thick and shaggy fur keeps you warm.
                  | (AC +3, rC+) [Felid growth]
 12819 | D:11     | Reached XP level 12. HP: 27/53 MP: 3/25
 12825 | D:11     | Learned a level 5 spell: Summon Forest
 13048 | D:11     | Found a gate leading to a gauntlet.
 13055 | Gauntlet | Entered a Gauntlet
 13055 | Gauntlet | Found a transporter.
 13055 | Gauntlet | Found a transporter.
 13061 | Gauntlet | Found a transporter.
 13073 | Gauntlet | Found a transporter.
 13091 | Gauntlet | Found a transporter.
 13091 | Gauntlet | Found a transporter.
 13093 | Gauntlet | Found a transporter.
 13093 | Gauntlet | Found a transporter.
 13094 | Gauntlet | Found a transporter.
 13106 | Gauntlet | Found a transporter.
 13114 | Gauntlet | Found the +3 Mad Mage's Maulers {Infuse+∞ VampMP -Cast}
 13121 | Gauntlet | Found a runed translucent door.
 13122 | Gauntlet | Found a transporter.
 13123 | Gauntlet | Found a runed translucent door.
 13132 | Gauntlet | Found a transporter.
 13146 | Gauntlet | Found a transporter.
 13180 | Gauntlet | Found a transporter.
 13414 | Gauntlet | Reached skill level 1 in Translocations
 13436 | Gauntlet | Reached skill level 1 in Evocations
 13667 | Gauntlet | Identified the +0 pair of boots of the Sun {rF+ Dex+3}
 13669 | Gauntlet | Identified the ring of Lesiecoth {rPois Dex+3}
 13694 | Gauntlet | Noticed a minotaur
 13716 | Gauntlet | Killed a minotaur
 15152 | D:12     | Noticed a two-headed ogre
 15156 | D:12     | Killed a two-headed ogre
 15261 | D:12     | Reached skill level 10 in Hexes
 15354 | D:12     | Noticed Erolcha
 15364 | D:12     | Killed Erolcha
 15689 | D:12     | Noticed a two-headed ogre
 15697 | D:12     | Killed a two-headed ogre
 15757 | D:12     | Noticed Psyche
 15765 | D:12     | Killed Psyche
 16170 | D:12     | Acquired 305 gold pieces
 16256 | D:12     | Noticed Fannar
 16269 | D:12     | Killed Fannar
 16516 | D:13     | Reached XP level 13. HP: 57/57 MP: 7/27
 16659 | D:13     | Reached skill level 10 in Dodging
 17425 | D:13     | Found a shimmering blue altar of Sif Muna.
 17437 | D:13     | Learned a level 3 spell: Vhi's Electric Charge
 17839 | D:14     | Reached skill level 10 in Spellcasting
 17965 | D:14     | Reached skill level 5 in Translocations
 18322 | D:14     | Noticed an ironbound preserver
 18331 | D:14     | Killed an ironbound preserver
 18395 | D:14     | Found a gate to the Vaults.
 19286 | D:14     | Found an ornate altar of the Wu Jian Council.
 19307 | D:14     | Found Ceck's Distillery.
 19317 | D:14     | Bought a potion of heal wounds for 65 gold pieces
 19317 | D:14     | Bought a potion of curing for 39 gold pieces
 19317 | D:14     | Bought a potion of curing for 39 gold pieces
 19317 | D:14     | Bought a potion of curing for 39 gold pieces
 19403 | D:15     | Entered Level 15 of the Dungeon
 19622 | D:15     | Found a bloodstained altar of Trog.
 19766 | D:15     | Noticed an ettin
 19794 | D:15     | Killed an ettin
 19796 | D:15     | Reached skill level 5 in Evocations
 20151 | D:15     | Found a staircase to the Depths.
 20211 | D:15     | Noticed Josephine
 20221 | D:15     | Killed Josephine
 20222 | D:15     | Reached XP level 14. HP: 54/63 MP: 12/29
 20811 | Lair:1   | Entered Level 1 of the Lair of Beasts
 20925 | Lair:1   | Noticed Smoke131's ghost (journeyman TrGl)
 21188 | Lair:1   | Identified the +1 hat of the Devil {Will+++ Int+8 Dex-2}
 21256 | Lair:1   | Found a transporter.
 21320 | Lair:1   | Found a transporter.
 21953 | Lair:1   | Bought a book of Blood for 420 gold pieces
 21961 | Lair:1   | Bought a book of Weapons for 392 gold pieces
 21961 | Lair:1   | Bought an Inescapable Atlas for 448 gold pieces
 21961 | Lair:1   | Bought a book of Beasts for 532 gold pieces
 22410 | Lair:2   | Found a hole to the Spider Nest.
 23606 | Lair:3   | Noticed Rupert
 23623 | Lair:3   | Killed Rupert
 24301 | Lair:3   | Found a staircase to the Swamp.
 24315 | Lair:3   | Identified the +10 mace of Joyful Slaughter {heavy,
                  | *Corrode Str+4 Dex+4}
 26400 | Lair:4   | Learned a level 2 spell: Blink
 26410 | Lair:4   | Bought a potion of curing for 45 gold pieces
 26410 | Lair:4   | Bought a potion of curing for 45 gold pieces
 26410 | Lair:4   | Bought a potion of curing for 45 gold pieces
 26414 | Lair:5   | Entered Level 5 of the Lair of Beasts
 27035 | Lair:5   | Found a viscous altar of Jiyva.
 27041 | Lair:5   | Found a staircase to the Slime Pits.
 27046 | Lair:5   | Paralysed by a floating eye for 4 turns
 27583 | Lair:5   | Reached XP level 15. HP: 67/67 MP: 24/31
 29004 | Lair:5   | Identified the ring "Cechiass" {+Blink rElec rN+}
 29666 | Orc:1    | Entered Level 1 of the Orcish Mines
 30730 | Orc:1    | Found a transporter.
 31015 | Orc:2    | Entered Level 2 of the Orcish Mines
 31157 | Orc:2    | Found a staircase to the Elven Halls.
 31377 | Orc:2    | Found Ohaig's General Store.
 31393 | Orc:2    | Bought a potion of curing for 54 gold pieces
 31497 | Orc:2    | Found Nequpuil's Antique Armour Shoppe.
 31498 | Orc:2    | Found Ychaurr's Book Shoppe.
 32113 | Orc:2    | Found a runed translucent door.
 32616 | Orc:2    | Found Nis Hem Wig's Antique Weapon Emporium.
 32806 | Orc:2    | Noticed snackwell's ghost (journeyman MeEE)
 32970 | Orc:2    | Killed snackwell's ghost
 33065 | Orc:1    | Noticed Sonja
 33068 | Orc:1    | Killed Sonja
 33353 | Swamp:1  | Entered Level 1 of the Swamp
 33514 | Swamp:1  | HP: 3/68 [alligator[a spriggan druid] (28)]
 33514 | Swamp:1  | HP: 1/68 [alligator[a spriggan druid] (2)]
 33968 | Swamp:1  | Upgraded the game from 0.30-a0-782-ge64f9170bb to
                  | 0.30-a0-793-g160f7cfddd
 33968 | Swamp:1  | Noticed LennaLeFay's ghost (adept MiBe)
 33970 | Swamp:1  | Noticed a tentacled starspawn
 33974 | Swamp:1  | Reached skill level 10 in Translocations
 33974 | Swamp:1  | Reached XP level 16. HP: 35/72 MP: 4/33
 34405 | Lair:3   | Learned a level 7 spell: Monstrous Menagerie
 34495 | Swamp:1  | Reached skill level 1 in Transmutations
 34627 | Swamp:1  | Noticed a hellephant
 34629 | Swamp:1  | Found a transporter.
 34873 | Swamp:1  | Noticed a tentacled starspawn
 35182 | Swamp:1  | Found a transporter.
 36434 | Swamp:2  | Reached skill level 10 in Unarmed Combat
 36671 | Swamp:2  | Reached skill level 10 in Fighting
 40033 | Swamp:4  | Entered Level 4 of the Swamp
 40160 | Swamp:4  | Reached skill level 15 in Summonings
 40806 | Swamp:4  | Reached skill level 5 in Transmutations
 41381 | Swamp:4  | Reached XP level 17. HP: 77/77 MP: 3/35
 42230 | Swamp:4  | Identified the +1 ring mail of Ru's Castigation {rElec}
 42408 | Swamp:4  | Got a decaying rune of Zot
 42571 | Spider:1 | Entered Level 1 of the Spider Nest
 46753 | Spider:3 | Noticed Arachne
 46780 | Spider:3 | Killed Arachne
 47352 | Spider:3 | Reached skill level 10 in Air Magic
 47543 | Spider:2 | Bought a scroll of poison for 64 gold pieces
 47543 | Spider:2 | Bought a scroll of blinking for 120 gold pieces
 47546 | Spider:2 | Bought the amulet of the Castellan {RegenMP Drain +Inv MP+9
                  | Slay+4} for 963 gold pieces
 48308 | Spider:4 | Entered Level 4 of the Spider Nest
 48554 | Spider:4 | Reached XP level 18. HP: 82/82 MP: 30/37
 49538 | Spider:4 | Mangled by a death scarab
 49539 | Spider:4 | Reached XP level 17. HP: -7/74 MP: 37/45
 50047 | Spider:4 | Got a gossamer rune of Zot
 50840 | Elf:1    | Entered Level 1 of the Elven Halls
 51456 | Elf:1    | Found Ugeugen's Book Shop.
 51515 | Elf:1    | Bought a Fen Folio for 756 gold pieces
 51617 | Elf:1    | Reached skill level 15 in Dodging
 51751 | Elf:1    | Learned a level 7 spell: Storm Form
 52226 | Elf:1    | Paralysed by an air elemental for 1 turns
 52537 | Elf:1    | Got the Handbook of Blasting
 52555 | Elf:1    | You fall into a shaft and drop 1 floor!
 52568 | Elf:2    | Reached skill level 15 in Spellcasting
 52613 | Elf:2    | Found a runed translucent gate.
 52613 | Elf:2    | Found a runed translucent gate.
 52613 | Elf:2    | Found a runed translucent gate.
 52638 | Elf:2    | Reached XP level 18. HP: 83/83 MP: 30/38
 52667 | Elf:2    | Reached skill level 10 in Transmutations
 52710 | Elf:2    | Paralysed by an air elemental for 1 turns
 52715 | Elf:2    | Paralysed by an air elemental for 1 turns
 52814 | Elf:2    | Found Daotuv's Antique Armour Shop.
 53187 | Elf:2    | Noticed Roxanne
 53201 | Elf:2    | Killed Roxanne
 54193 | Elf:3    | Entered Level 3 of the Elven Halls
 54340 | Elf:3    | Noticed an Ice Fiend
 54605 | Elf:3    | Noticed a Hell Sentinel
 55530 | Elf:3    | Noticed a Hell Sentinel
 55585 | Elf:3    | Identified the +5 quarterstaff of Tumult {spect, Str+6}
 55879 | Elf:3    | Reached XP level 19. HP: 88/88 MP: 21/39
 56208 | Elf:3    | Noticed a Brimstone Fiend
 56210 | Elf:3    | Identified the +6 trident of Juylozx Geni {venom, *Noise
                  | rPois rC++ Dex+2}
 56210 | Elf:3    | Identified the ring of Xom's Recklessness {Str+7 Dex+6}
 56365 | Elf:3    | Noticed Asterion
 56371 | Elf:3    | Killed Asterion
 56674 | Elf:3    | Got Laegoxuj's Handbook of Supportive Malisons
 56733 | Elf:3    | Got the Meditations on Familiar Gloom
 56744 | Elf:3    | Found the +18 shield of the Gong {Loud rN+ Will+ rCorr
                  | EV-5}
 57114 | Orc:1    | Found a transporter.
 57498 | Lair:1   | Killed Smoke131's ghost
 57578 | Lair:1   | Identified the +4 ring mail "Kaittoij" {rC+ Regen+ Dex-5}
 57971 | Vaults:1 | Entered Level 1 of the Vaults
 58733 | Vaults:1 | Found Magaez's Armour Shop.
 59624 | Vaults:1 | Found Guups's Assorted Antiques.
 59683 | Vaults:1 | Bought 3 scrolls of amnesia for 456 gold pieces
 59796 | Vaults:1 | Learned a level 4 spell: Manifold Assault
 60143 | Vaults:1 | Reached skill level 15 in Translocations
 60632 | Vaults:2 | Noticed Mara
 60636 | Vaults:2 | Noticed arthad's illusion
 60708 | Vaults:1 | Upgraded the game from 0.30-a0-793-g160f7cfddd to
                  | 0.30-a0-799-g109b55a442
 60760 | Vaults:1 | Shot with a bolt by a yaktaur captain
 60761 | Vaults:1 | Reached XP level 18. HP: -13/85 MP: 47/47
 60827 | Vaults:2 | Noticed arthad's illusion
 60832 | Vaults:2 | Noticed Sojobo
 60837 | Vaults:2 | Noticed Margery
 60839 | Vaults:2 | HP: 1/85 [yaktaur captain/bolt (34)]
 60845 | Vaults:2 | Noticed Jory
 60846 | Vaults:2 | Mangled by Mara (illusionary)
 60847 | Vaults:2 | Reached XP level 17. HP: -6/81 MP: 43/46
 60863 | Vaults:2 | Found a runed translucent door.
 60863 | Vaults:2 | Noticed tkbsonic5's ghost (adept DjSu)
 60893 | Vaults:2 | Reached XP level 18. HP: 36/85 MP: 32/38
 60899 | Vaults:2 | Killed Margery
 61007 | Vaults:2 | Shot with a bolt by a yaktaur

Illustrated notes

Levels and vault maps discovered:
D:1:      erik_arrival_triangle_small, layout_basic
D:2:      layout_rooms
D:3:      layout_basic, ebering_ecumenical_altar_rust, gup_sewer_entry_spiral
D:4:      layout_rooms, lemuel_temple_firewalk_a
D:5:      layout_cave_pods, kennysheep_generic_room_4, uniq_blork_the_orc,
          uniq_prince_ribbit1
D:6:      cheibrodos_fertilizer, layout_loops_ring,
          mainiacjoe_overflow_alcove_1, serial_shops, nicolae_stop_n_shop_2,
          nicolae_shop_stone, uniq_edmund, uniq_grinder, uniq_sigmund
D:7:      layout_rooms, demons_altar, kennysheep_mini_moat,
          lightli_bailey_entry_fortress, serial_bayou_ford_a
D:8:      minmay_razor_zed, layout_rooms
D:9:      layout_stronghold, david_orc_4, minmay_between, uniq_gastronok
D:10:     layout_irregular_city, gammafunk_temple_overflow_claw
D:11:     layout_basic, gauntlet_entry_generic
D:12:     layout_long_grid, minmay_misc_feat_tiny, nooodl_orcs_dogs,
          uniq_fannar, uniq_psyche, uniq_erolcha
D:13:     layout_big_octagon, tgw_sif
D:14:     layout_irregular_city, skrybe_vaults_entry_preservation,
          nzn_wu_jian_council_hall, serial_shops, nicolae_lakefront_shop
D:15:     hangedman_depths_entry_civil_slaughter, layout_basic,
          trog_three_pillars_becter, uniq_josephine
Temple:   lightli_temple_of_artemis
Lair:1:   layout_chaotic_city, nzn_ghost_randoct, dpeg_stationary_puzzle
Lair:2:   layout_misc_corridors, spider_nest_entry_a
Lair:3:   layout_cave_pods, minmay_swamp_entry_swarm, uniq_rupert
Lair:4:   layout_roguey
Lair:5:   due_jungle_book, layout_gridlike, minmay_slime_entry_eyes
Swamp:1:  layout_falls_marsh, gammafunk_ghost_abyssal_escape, serial_swamp_ruin,
          evilmike_swamp_ruin_house_2, evilmike_swamp_ruin_house_4,
          evilmike_swamp_ruin_house_5, swamp_pool2
Swamp:2:  layout_basic_swamp, evilmike_swamp_ruin_house_1
Swamp:3:  layout_basic_swamp, nicolae_swamp_bean_lake
Swamp:4:  swamp_alternative, layout_basic_swamp
Spider:1: nicolae_spider_obnoxious_hallway, nicolae_spider_spiderdrome
Spider:2: layout_spider_delve
Spider:3: nicolae_spider_broodchamber, uniq_arachne
Spider:4: floodkiller_spider_rune_tomb
Orc:1:    gammafunk_beogh_shrine, layout_diamond_mine, basic_altar,
          minmay_orc_keep, uniq_sonja
Orc:2:    grunt_orc_gardens, layout_diamond_mine, grunt_orc_garden,
          grunt_orc_garden, grunt_orc_garden, grunt_orc_garden,
          gammafunk_ghost_grave, portal_ice_cave_entry_ice_simulacra
Elf:1:    elf_arrival_002, layout_loops_corners, serial_shops, shop,
          minmay_elf_annihilation, nicolae_elf_stone_circles
Elf:2:    nicolae_elf_blades_splatter_lattice [nicolae_blade_entry_pointy_end],
          layout_geoelf_octagon, serial_shops, shop, uniq_roxanne
Elf:3:    minmay_elf_hall_hex, layout_loops_cross, uniq_asterion
Vaults:1: v_misc_12, hangedman_vaults_river_flow, v_pattern_2, st_lattice,
          nicolae_vaults_specimen_jars, nicolae_vaults_network_star,
          vaults_mumra_chevron, v_misc_3, nicolae_vaults_theta,
          vaults_dpeg_encased_lava, vaults_room_semicircle,
          vaults_room_mumra_shop_pool, vaults_mumra_minichess,
          ontoclasm_vaults_loading_screen, layout_vaults_omnicross,
          serial_shops, nicolae_shop_trees
Vaults:2: hellmonk_ghost_happy_afterlife, nicolae_vaults_yaktaur_gun_rack,
          vaults_standard_mumra_lines, layout_vaults_maze_snakey, serial_shops,
          uniq_margery, uniq_mara, uniq_jory, uniq_sojobo

Skill      XL: |  1  2  3  4  5  6  7  8  9 10 11 12 13 14 15 16 17 18 19 |
---------------+----------------------------------------------------------+-----
Summonings     | 5 6 7 8 9 10 11 12 13 14 15 16 | 16.6
Hexes          | 1 3 5 6 7 9 10 | 10.0
Dodging        | 3 4 5 6 7 9 11 12 13 15 16 | 16.6
Fighting       | 1 2 3 4 5 6 7 8 9 10 11 12 | 12.9
Unarmed Combat | 1 2 3 4 5 6 7 8 9 10 11 12 | 12.8
Air Magic      | 1 2 3 4 5 6 7 8 9 11 12 13 | 13.3
Spellcasting   | 3 4 5 6 7 8 9 10 11 12 13 15 | 15.8
Translocations | 4 6 8 10 11 13 14 15 | 15.2
Evocations     | 3 5 6 |  6.0
Transmutations | 5 9 13 12 | 13.0
Stealth        | |  2.6

Action                     |  1- 3 |  4- 6 |  7- 9 | 10-12 | 13-15 | 16-18 | 19-21 || total
---------------------------+-------+-------+-------+-------+-------+-------+-------++-------
  Melee: Unarmed           |    20 |    66 |    26 |    28 |    40 |   177 |    96 ||   453
         Bite              |     2 |     8 |     7 |     3 |     2 |    20 |     3 ||    45
         Punch             |       |       |     4 |       |     2 |    22 |     7 ||    35
   Cast: Summon Small Mamm |    24 |    16 |     3 |     2 |       |       |       ||    45
         Call Imp          |    12 |    16 |    15 |     5 |     4 |     4 |       ||    56
         Call Canine Famil |    10 |    21 |    26 |    41 |    68 |    76 |    13 ||   255
         Summon Guardian G |       |     8 |    22 |    48 |    63 |     1 |       ||   142
         Summon Lightning  |       |       |    19 |    53 |   168 |   135 |    17 ||   392
         Summon Mana Viper |       |       |     1 |    36 |    87 |   103 |    30 ||   257
         Summon Cactus Gia |       |       |       |    14 |   128 |   191 |    41 ||   374
         Summon Forest     |       |       |       |       |    15 |    20 |     5 ||    40
         Vhi's Electric Ch |       |       |       |       |     4 |     1 |       ||     5
         Blink             |       |       |       |       |     4 |    14 |     1 ||    19
         Monstrous Menager |       |       |       |       |       |   356 |    74 ||   430
         Storm Form        |       |       |       |       |       |    25 |    31 ||    56
         Manifold Assault  |       |       |       |       |       |     7 |    10 ||    17
 Invoke: Call Merchant     |       |       |       |       |     4 |     3 |     1 ||     8
         Potion Petition   |       |       |       |       |     1 |     2 |       ||     3
Ability: Evoke Blink       |       |     1 |     1 |     2 |     1 |       |       ||     5
         Blinkbolt         |       |       |       |       |       |     9 |     5 ||    14
  Evoke: Wand              |       |       |     1 |     4 |     5 |    19 |       ||    29
         Lightning rod     |       |       |       |     4 |     5 |    10 |       ||    19
         Phial of floods   |       |       |       |       |       |     5 |       ||     5
         Condenser vane    |       |       |       |       |       |     1 |       ||     1
    Use: Potion            |     1 |     1 |       |     3 |     6 |    13 |       ||    24
         Scroll            |     5 |     2 |     6 |    14 |     7 |    22 |     3 ||    59
   Stab: Distracted        |     1 |     2 |       |     1 |     3 |    15 |     2 ||    24
         Sleeping          |       |     3 |       |       |       |     1 |     4 ||     8
 Armour: Skin              |     1 |     2 |     2 |     3 |     6 |    23 |    19 ||    56
  Dodge: Dodged            |    22 |   132 |    60 |    64 |   207 |   591 |   194 ||  1270
  Block: Other             |     1 |    30 |     9 |    15 |    50 |    38 |       ||   143
         Reflection        |       |       |     3 |     1 |     7 |       |       ||    11

Table legend: (Time is in decaauts)
 A = Elapsed time spent in this place.
 B = Non-inter-level travel time spent in this place.
 C = Inter-level travel time spent in this place.
 D = Time resting spent in this place.
 E = Time spent auto-exploring this place.
 F = Levels seen in this place.
 G = Mean time per level.
                   A        B        C        D        E       F      G
               +--------+--------+--------+--------+--------+-----+--------+
         Total |  57030 |  54879 |   2151 |   3272 |  41113 |  39 | 1462.3 |
       Dungeon |  17133 |  16146 |    987 |    404 |  12518 |  15 | 1142.2 |
        Temple |     96 |     96 |      0 |      0 |     74 |   1 |   96.0 |
          Lair |   8779 |   8308 |    471 |    444 |   6626 |   5 | 1755.8 |
         Swamp |   8857 |   8705 |    152 |    907 |   6636 |   4 | 2214.2 |
   Spider Nest |   7726 |   7520 |    206 |    629 |   5472 |   4 | 1931.5 |
  Orcish Mines |   3544 |   3423 |    121 |    123 |   2738 |   2 | 1772.0 |
   Elven Halls |   5776 |   5628 |    148 |    573 |   3439 |   3 | 1925.3 |
        Vaults |   2949 |   2886 |     63 |    139 |   2097 |   2 | 1474.5 |
         Sewer |   1029 |   1029 |      0 |     53 |    668 |   1 | 1029.0 |
        Bailey |    414 |    414 |      0 |      0 |    292 |   1 |  414.0 |
      Gauntlet |    722 |    722 |      0 |      0 |    549 |   1 |  722.0 |
               +--------+--------+--------+--------+--------+-----+--------+

Top non-repeatable levels by time:
 Swamp:2: 2934 daAuts
  Lair:5: 2812 daAuts
Vaults:1: 2763 daAuts
Spider:1: 2383 daAuts
Spider:4: 2232 daAuts
Spider:2: 2228 daAuts
   Elf:2: 2208 daAuts
 Swamp:3: 2202 daAuts
  Lair:3: 2087 daAuts
   Elf:3: 1983 daAuts
 Swamp:1: 1899 daAuts
   Orc:2: 1861 daAuts
 Swamp:4: 1820 daAuts
    D:14: 1819 daAuts
   Orc:1: 1682 daAuts
